 Dungeon Crawl Stone Soup version 0.26.0-45-g9c1d065592 (webtiles) character file.

Game seed: 7542430950032534981

133 promet the Vandal (level 5, 0/35 HPs)
             Began as a Halfling Hunter on Jan 30, 2021.
             Succumbed to an orc wizard's poison
             ... on level 2 of the Dungeon.
             The game lasted 00:17:57 (2522 turns).

promet the Vandal (Halfling Hunter)                 Turns: 2522, Time: 00:17:58

Health: 0/35       AC:  3    Str: 12 (13) XL:     5   Next: 40%
Magic:  5/5        EV: 15    Int:  7 (10) God:
Gold:   103        SH:  0    Dex: 13 (15) Spells: 4/4 levels left

rFire    . . .     SeeInvis .   b - +0 short sword
rCold    . . .     Faith    .   (shield restricted)
rNeg     . . .     Spirit   .   c - +0 leather armour
rPois    .         Reflect  .   (no helmet)
rElec    .         Harm     .   (no cloak)
rCorr    .         Rampage  .   (no gloves)
Will     .....                  (no boots)
Stlth    +.........             (no amulet)
HPRegen  0.11/turn              (no ring)
MPRegen  0.09/turn              (no ring)

@: lethally poisoned (0 -> -13)
A: small, mutation resistance 1
a: no special abilities


You were on level 2 of the Dungeon.
You visited 1 branch of the dungeon, and saw 3 of its levels.

You collected 103 gold pieces.

Inventory:

Hand Weapons
 a - a +1 hunting sling
 b - a +0 short sword (weapon)
 i - a +0 spear
Missiles
 d - 12 sling bullets
 h - 54 stones (quivered)
 j - 19 bolts
 k - 16 poisoned darts
 l - 23 arrows
Armour
 c - a +0 leather armour (worn)
Scrolls
 f - a scroll of teleportation
 m - a scroll of fog
 n - a scroll of identify


   Skills:
 * Level 2.3 Fighting
 + Level 1.6 Short Blades
 + Level 7.4 Slings
 + Level 0.1(3.1) Throwing
 + Level 1.2 Armour
 + Level 3.0 Dodging
 + Level 1.4 Stealth


You had 4 spell levels left.
You didn't know any spells.
Your spell library was empty.

Dungeon Overview and Level Annotations

Branches:
Dungeon (3/15)

Altars:
Ashenzari
Hepliaklqana
Nemelex Xobeh
Xom


Innate Abilities, Weirdness & Mutations

You are small and have problems with some larger weapons.
You are somewhat resistant to further mutation.


Message History

You feel sick.
* * * LOW HITPOINT WARNING * * *
You feel sick.
Things that are here:
a +1 dagger of venom; a +0 robe; an orc corpse
* * * LOW HITPOINT WARNING * * *
You feel sick.
* * * LOW HITPOINT WARNING * * *
You feel sick.
There is an open door here.
* * * LOW HITPOINT WARNING * * *
You feel sick.
It was a potion of degeneration.
There was something very wrong with that liquid.
You feel weakened.
You feel dopey.
You feel clumsy.
* * * LOW HITPOINT WARNING * * *
You feel sick.
* * * LOW HITPOINT WARNING * * *
You feel sick.
You die...

##.###.#..[#.........#
#................###.#
##.###.#...#.##..# #.#
#.#
#.#####.#...###.########
#.#
#.#####................#
#.#
#.......#...###.######.#
#.# ####.##.##.## #.#
#.# ##.###
#######.####.# #.#
#....# _##
#@......######.# #..###
..8 ##'#######.....#
#....# ...##...##
#.##### #.####
...8#...)## #.### #.####
...##....>## #.#.##
###....#
#....).###....##
.......##...
#......'.......#
####.#.#8....
#......###....##
#...##...? #.....##
#.#.##


There were no monsters in sight!

Vanquished Creatures
  Jessica (D:2)
  An orc wizard (D:2)
  A gnoll (D:3)
  An adder (D:2)
  3 oozes (D:2)
  2 dart slugs (D:1)
  A leopard gecko (D:1)
  A giant cockroach (D:2)
  6 hobgoblins
  A ball python (D:1)
  7 bats
  6 frilled lizards
  11 goblins
  4 kobolds
  10 rats
56 creatures vanquished.

Notes
Turn   | Place    | Note
-------+----------+-------------------------------------------
     0 | D:1      | promet the Halfling Hunter began the quest for the Orb.
     0 | D:1      | Reached XP level 1. HP: 14/14 MP: 1/1
    27 | D:1      | Reached skill level 6 in Slings
   188 | D:1      | Reached XP level 2. HP: 16/19 MP: 2/2
   717 | D:1      | Reached XP level 3. HP: 24/24 MP: 3/3
  1222 | D:2      | Found a faded altar of an unknown god.
  1512 | D:2      | Noticed Jessica
  1519 | D:2      | Killed Jessica
  1520 | D:2      | Reached skill level 1 in Short Blades
  1520 | D:2      | Reached skill level 1 in Armour
  1520 | D:2      | Reached XP level 4. HP: 29/29 MP: 4/4
  1564 | D:2      | Found a hazy altar of Hepliaklqana.
  1747 | D:2      | Reached skill level 7 in Slings
  1952 | D:2      | Found a shimmering altar of Xom.
  2054 | D:2      | Found a sparkling altar of Nemelex Xobeh.
  2054 | D:2      | Found a broken altar of Ashenzari.
  2219 | D:3      | Reached XP level 5. HP: 34/34 MP: 5/5
  2521 | D:2      | HP: 1/35 [poisoned by an orc wizard]
  2522 | D:2      | Succumbed to an orc wizard's poison

Illustrated notes

Levels and vault maps discovered:
D:1:      heliophobic_arrival_enchanted_forest, layout_loops_ring,
          minmay_misc_feat_plants
D:2:      layout_loops_corners, lemuel_coloured_pillars_altar,
          nicolae_overflow_hidden_temple, gammafunk_temple_overflow_wave,
          chequers_ecumenical_altar_simple_redux, uniq_jessica
D:3:      layout_basic, uniq_grinder

Skill      XL: |  1  2  3  4  5 |
---------------+----------------+-----
Slings         | 6 7 |  7.4
Fighting       | 2 |  2.3
Short Blades   | 1 |  1.6
Armour         | 1 |  1.2
Dodging        | 3 |  3.0
Throwing       | |  0.1
Stealth        | |  1.4

Action                   |  1- 3 |  4- 6 || total
-------------------------+-------+-------++-------
Melee: Short sword       |    76 |    25 ||   101
 Fire: Hunting sling     |    40 |    36 ||    76
Throw: Stone             |    18 |     3 ||    21
  Use: Scroll            |     2 |     3 ||     5
       Potion            |       |     3 ||     3
 Stab: Sleeping          |     2 |       ||     2
Armor: Leather armour    |    18 |    18 ||    36
Dodge: Dodged            |    69 |    45 ||   114
